 Dungeon Crawl Stone Soup version 0.27-a0-531-gb72ec1a1b6 (webtiles) character file.

Game seed: 5529713117183134102

2163 dolemite99 the Ducker (level 9, -10/69 HPs)
             Began as a Gnoll Gladiator on Mar 6, 2021.
             Was a Believer of Yredelemnul.
             Mangled by Joseph
             ... wielding a +0 quarterstaff
              (25 damage)
             ... on level 7 of the Dungeon.
             The game lasted 00:10:07 (7164 turns).

dolemite99 the Ducker (Gnoll Gladiator)             Turns: 7164, Time: 00:10:07

Health: -10/69     AC: 17    Str: 17      XL:     9   Next: 32%
Magic:  15/15      EV:  7    Int:  7      God:    Yredelemnul [**....]
Gold:   310        SH:  0    Dex: 13 (14) Spells: 16/16 levels left

rFire    . . .     SeeInvis .   b - +0 dagger (elec)
rCold    . . .     Faith    .   (no shield)
rNeg     . . .     Spirit   .   K - +0 plate armour
rPois    .         Reflect  .   c - +0 helmet
rElec    .         Harm     .   L - +0 cloak
rCorr    +         Rampage  .   G - +0 pair of gloves
Will     .....                  o - +1 pair of boots
Stlth    ..........             p - amulet of regeneration
HPRegen  1.21/turn              z - ring of resist corrosion
MPRegen  0.14/turn              (no ring)

@: mighty
A: fangs 1, strong nose, distributed training
a: Renounce Religion, Animate Remains, Recall Undead Slaves, Injury Mirror


You were on level 7 of the Dungeon.
You worshipped Yredelemnul.
Yredelemnul was pleased with you.
You visited 1 branch of the dungeon, and saw 7 of its levels.

You collected 310 gold pieces.

Inventory:

Hand Weapons
 a - a +2 quarterstaff
 b - a +0 dagger of electrocution (weapon)
 k - a +4 dagger
 t - a +0 dire flail
 E - a +2 flail of protection
Missiles
 d - 3 throwing nets
 j - 7 sling bullets
 r - 148 stones
 y - 70 arrows
 F - 5 boomerangs
 H - 3 javelins (quivered)
 I - 24 bolts
 M - 17 poisoned darts
Armour
 c - a +0 helmet (worn)
 i - +0 acid dragon scales
 o - a +1 pair of boots (worn)
 s - a +0 ring mail
 v - a +0 chain mail
 G - a +0 pair of gloves (worn)
 K - a +0 plate armour (worn)
 L - a +0 cloak (worn)
 O - a +0 leather armour
Jewellery
 p - an amulet of regeneration (around neck)
 w - a ring of protection from fire
 z - a ring of resist corrosion (left hand)
Wands
 u - a wand of flame (11)
 x - a wand of iceblast (8)
 J - a wand of polymorph (7)
Scrolls
 e - 3 scrolls of fear
 l - 2 scrolls of fog
 m - a scroll of identify {@r1}
 q - 2 scrolls of teleportation
 A - a scroll of holy word {unknown}
 N - a scroll of acquirement {unknown}
Potions
 g - a potion of magic
 h - a potion of might
 n - a potion of ambrosia {unknown}
 B - a potion of attraction {unknown}
 C - a potion of lignification {unknown}
 D - a potion of mutation {unknown}


   Skills:
 + Level 6.2 Fighting
 + Level 4.1 Short Blades
 + Level 4.1 Long Blades
 + Level 4.1 Axes
 + Level 4.1 Maces & Flails
 + Level 4.1 Polearms
 + Level 7.8 Staves
 + Level 4.1 Slings
 + Level 4.1 Bows
 + Level 4.1 Crossbows
 + Level 6.2 Throwing
 + Level 4.1 Armour
 + Level 7.8 Dodging
 + Level 4.1 Stealth
 + Level 4.1 Shields
 + Level 4.1 Unarmed Combat
 + Level 4.1 Spellcasting
 + Level 3.4 Conjurations
 + Level 3.4 Hexes
 + Level 3.4 Summonings
 + Level 3.4 Necromancy
 + Level 3.4 Translocations
 + Level 3.4 Transmutations
 + Level 3.4 Fire Magic
 + Level 3.4 Ice Magic
 + Level 3.4 Air Magic
 + Level 3.4 Earth Magic
 + Level 3.4 Poison Magic
 + Level 4.5 Invocations
 + Level 4.1 Evocations


You had 16 spell levels left.
You didn't know any spells.
Your spell library contained the following spells:

 Spells                   Type           Power      Damage    Failure   Level
 Beastly Appendage        Tmut           12%        N/A       98%         1
 Wereblood                Tmut           6%         N/A       99%         2
 Spider Form              Tmut/Pois      3%         N/A       100%        3
 Ice Form                 Ice/Tmut       6%         N/A       100%        4
 Blade Hands              Tmut           3%         N/A       100%        5


Dungeon Overview and Level Annotations

Branches:
Dungeon (7/15)             Temple (0/1) D:5

Altars:
Kikubaaqudgha
Qazlal
Sif Muna
Trog
Wu Jian
Xom
Yredelemnul
Zin
The Shining One

Annotations:
D:2 2 transporters
D:3 Sigmund
D:7 Joseph


Innate Abilities, Weirdness & Mutations

You have very sharp teeth.
Your uncanny sense of smell can sniff out nearby items.
Your experience applies equally to all skills.


Message History

Joseph barely misses you.
Your orc zombie barely misses Joseph.
You feel very mighty all of a sudden.
Joseph hits you with a +0 quarterstaff!!
Joseph hits you with a +0 quarterstaff.
You puncture Joseph! Lightning courses through Joseph!
Joseph is heavily wounded.
Joseph hits you with a +0 quarterstaff!
* * * LOW HITPOINT WARNING * * *
Your orc zombie closely misses Joseph.
You feel better. Joseph hits you with a +0 quarterstaff.
* * * LOW HITPOINT WARNING * * *
Your orc zombie hits Joseph.
You feel better.
Joseph hits your orc zombie with a +0 quarterstaff!!
Your orc zombie is destroyed!
Joseph hits you but does no damage.
Your plate armour prevents you from hitting Joseph.
Joseph is heavily wounded.
Joseph hits you with a +0 quarterstaff!
* * * LOW HITPOINT WARNING * * *
Your plate armour prevents you from hitting Joseph.
You bite Joseph.
Joseph is heavily wounded.
Joseph hits you with a +0 quarterstaff.
* * * LOW HITPOINT WARNING * * *
You feel better. Joseph hits you but does no damage.
You closely miss Joseph.
Joseph is heavily wounded.
Joseph hits you with a +0 quarterstaff!
* * * LOW HITPOINT WARNING * * *
You feel better. Joseph barely misses you. x2
You closely miss Joseph.
Joseph is heavily wounded.
Joseph hits you with a +0 quarterstaff!
* * * LOW HITPOINT WARNING * * *
You puncture Joseph!
Joseph is heavily wounded.
Joseph hits you with a +0 quarterstaff!!
You die...
Your body rises from the dead as a mindless zombie.

### #####.####
#........## ##
#.........#######.
#@..).............
......@.........########
........(.........##
..(....##........##
.....(. ##......##
....... ##....## .......
###### ......[
......o###


You could see Joseph (berserk).

Vanquished Creatures
  Maggie (D:6)
  Prince Ribbit (D:5)
  Eustachio (D:6)
  A water moccasin (D:7)
  Duvessa (D:7)
  A hornet zombie (D:7)
  An orc warrior (D:6)
  2 bullfrogs
  Dowan (D:7)
  2 scorpions (D:4)
  2 vampire bats (D:5)
  A howler monkey (D:6)
  A quasit (D:7)
  3 bullfrog skeletons
  3 orc priests
  2 hounds
  2 jellies (D:5)
  Ijyb (D:5)
  2 orc wizards (D:5)
  2 iguanas
  2 worker ants
  A hound zombie (D:5)
  A hound skeleton (D:7)
  A howler monkey zombie (D:6)
  A worker ant zombie (D:5)
  6 adders
  A gnoll (D:1)
  A shadow imp (D:6)
  4 white imps
  2 ufetubi (D:5)
  2 adder zombies
  An adder skeleton (D:7)
  A worm (D:3)
  2 dart slugs
  3 leopard geckos
  20 orcs
  2 ball pythons
  3 bat skeletons (D:5)
  3 bat zombies (D:5)
  2 giant cockroaches
  4 goblins
  6 hobgoblins
  4 jackals (D:2)
  5 kobolds
  A quokka (D:6)
  5 bats
  8 frilled lizards
  A jackal skeleton (D:6)
  A quokka skeleton (D:4)
  6 rats (D:1)
131 creatures vanquished.

Vanquished Creatures (collateral kills)
  An ogre (D:6)
  A bullfrog (D:6)
  An orc priest (D:7)
  An orc wizard (D:6)
  An orc (D:7)
5 creatures vanquished.

Vanquished Creatures (others)
  An elf zombie (D:7)
  2 iguana zombies
  An ogre zombie (D:6)
  An orc zombie (D:7)
  A water moccasin zombie (D:7)
6 creatures vanquished.

Grand Total: 142 creatures vanquished

Notes
Turn   | Place    | Note
-------+----------+-------------------------------------------
     0 | D:1      | dolemite99 the Gnoll Gladiator began the quest for the Orb.
     0 | D:1      | Reached XP level 1. HP: 20/20 MP: 1/1
   154 | D:1      | Reached XP level 2. HP: 25/26 MP: 2/2
   637 | D:1      | Reached XP level 3. HP: 30/31 MP: 2/4
   843 | D:2      | Found a stormy altar of Qazlal.
   916 | D:2      | Reached skill level 1 in Invocations
  1029 | D:2      | Reached skill level 1 in Short Blades
  1029 | D:2      | Reached skill level 1 in Long Blades
  1029 | D:2      | Reached skill level 1 in Axes
  1029 | D:2      | Reached skill level 1 in Maces & Flails
  1029 | D:2      | Reached skill level 1 in Polearms
  1029 | D:2      | Reached skill level 1 in Slings
  1029 | D:2      | Reached skill level 1 in Bows
  1029 | D:2      | Reached skill level 1 in Crossbows
  1029 | D:2      | Reached skill level 1 in Armour
  1029 | D:2      | Reached skill level 1 in Stealth
  1029 | D:2      | Reached skill level 1 in Shields
  1029 | D:2      | Reached skill level 1 in Unarmed Combat
  1029 | D:2      | Reached skill level 1 in Spellcasting
  1029 | D:2      | Reached skill level 1 in Evocations
  1112 | D:2      | Reached XP level 4. HP: 38/38 MP: 5/5
  1202 | D:2      | Found a glowing silver altar of Zin.
  1491 | D:2      | Found a bloodstained altar of Trog.
  1492 | D:2      | Noticed a bullfrog
  1499 | D:2      | Found a transporter.
  1507 | D:2      | Found a transporter.
  1557 | D:2      | Reached skill level 1 in Conjurations
  1557 | D:2      | Reached skill level 1 in Hexes
  1557 | D:2      | Reached skill level 1 in Summonings
  1557 | D:2      | Reached skill level 1 in Necromancy
  1557 | D:2      | Reached skill level 1 in Translocations
  1557 | D:2      | Reached skill level 1 in Transmutations
  1557 | D:2      | Reached skill level 1 in Fire Magic
  1557 | D:2      | Reached skill level 1 in Ice Magic
  1557 | D:2      | Reached skill level 1 in Air Magic
  1557 | D:2      | Reached skill level 1 in Earth Magic
  1557 | D:2      | Reached skill level 1 in Poison Magic
  1981 | D:3      | Reached XP level 5. HP: 42/43 MP: 5/7
  2634 | D:3      | Found a faded altar of an unknown god.
  2707 | D:3      | Noticed Sigmund
  2885 | D:4      | Reached XP level 6. HP: 37/50 MP: 8/8
  2923 | D:4      | Reached skill level 5 in Fighting
  2923 | D:4      | Reached skill level 5 in Throwing
  3206 | D:4      | Found a glowing golden altar of the Shining One.
  3211 | D:4      | Noticed an angel
  3288 | D:4      | Found a basalt altar of Yredelemnul.
  3290 | D:4      | Noticed a profane servitor
  3295 | D:4      | Became a worshipper of Yredelemnul the Dark
  3660 | D:5      | Entered Level 5 of the Dungeon
  3715 | D:5      | Found a shimmering altar of Xom.
  3723 | D:5      | Found a staircase to the Ecumenical Temple.
  3785 | D:5      | Noticed Ijyb
  3801 | D:5      | Killed Ijyb
  3805 | D:5      | Reached XP level 7. HP: 53/56 MP: 10/10
  4179 | D:5      | Found an ancient bone altar of Kikubaaqudgha.
  4362 | D:5      | Reached * piety under Yredelemnul
  4600 | D:5      | Noticed Prince Ribbit
  4608 | D:5      | Killed Prince Ribbit
  5001 | D:5      | Reached XP level 8. HP: 63/63 MP: 12/12
  5384 | D:6      | Noticed Maggie
  5409 | D:6      | Killed Maggie
  5610 | D:6      | Found an ornate altar of the Wu Jian Council.
  5734 | D:6      | Noticed Eustachio
  5749 | D:6      | Killed Eustachio
  5754 | D:6      | Reached XP level 9. HP: 69/69 MP: 14/14
  6289 | D:7      | Found a shimmering blue altar of Sif Muna.
  6969 | D:7      | Noticed Duvessa
  6971 | D:7      | Noticed Dowan
  6978 | D:7      | Killed Duvessa
  6986 | D:7      | Killed Dowan
  7135 | D:7      | Reached ** piety under Yredelemnul
  7141 | D:7      | Noticed Joseph
  7148 | D:7      | Your ally Duvessa died
  7164 | D:7      | Mangled by Joseph

Illustrated notes

Levels and vault maps discovered:
D:1:      ebering_trefoil_3fold, layout_basic, minmay_misc_feat_more_columns
D:2:      layout_basic, gammafunk_temple_overflow_arena, zin_academy,
          old_standard_altar
D:3:      layout_basic, chequers_ecumenical_altar_simple_redux,
          nrook_mini_vaults, kennysheep_doodads, uniq_sigmund
D:4:      layout_loops_ring, grunt_temple_overflow_holy_war,
          grunt_decor_mini_mirrors, hangedman_decor_push,
          minmay_stone_trees_small, dk_noncrumbling_3, columned_hall_lemuel
D:5:      layout_gridville, kennysheep_vampire_church,
          minmay_temple_entry_antechambers, xom_teletrap_fun, uniq_ijyb,
          uniq_prince_ribbit1
D:6:      layout_basic, old_standard_altar, chequers_serial_rivers_micro_c,
          minivault_23, uniq_eustachio, uniq_maggie
D:7:      layout_cave_pods, led_sif_pool, uniq_joseph, uniq_duvessa

Skill      XL: |  1  2  3  4  5  6  7  8  9 |
---------------+----------------------------+-----
Invocations    | 1 2 3 4 |  4.5
Short Blades   | 1 2 3 4 |  4.1
Long Blades    | 1 2 3 4 |  4.1
Axes           | 1 2 3 4 |  4.1
Maces & Flails | 1 2 3 4 |  4.1
Polearms       | 1 2 3 4 |  4.1
Slings         | 1 2 3 4 |  4.1
Bows           | 1 2 3 4 |  4.1
Crossbows      | 1 2 3 4 |  4.1
Armour         | 1 2 3 4 |  4.1
Stealth        | 1 2 3 4 |  4.1
Shields        | 1 2 3 4 |  4.1
Unarmed Combat | 1 2 3 4 |  4.1
Spellcasting   | 1 2 3 4 |  4.1
Evocations     | 1 2 3 4 |  4.1
Conjurations   | 1 2 3 |  3.4
Hexes          | 1 2 3 |  3.4
Summonings     | 1 2 3 |  3.4
Necromancy     | 1 2 3 |  3.4
Translocations | 1 2 3 |  3.4
Transmutations | 1 2 3 |  3.4
Fire Magic     | 1 2 3 |  3.4
Ice Magic      | 1 2 3 |  3.4
Air Magic      | 1 2 3 |  3.4
Earth Magic    | 1 2 3 |  3.4
Poison Magic   | 1 2 3 |  3.4
Fighting       | 5 6 |  6.2
Throwing       | 5 6 |  6.2
Staves         | 7 |  7.8
Dodging        | 7 |  7.8

Action                   |  1- 3 |  4- 6 |  7- 9 || total
-------------------------+-------+-------+-------++-------
Melee: Quarterstaff      |    86 |   173 |   235 ||   494
       Bite              |     8 |    22 |    23 ||    53
       Dagger            |       |       |    12 ||    12
       Punch             |       |       |     1 ||     1
Throw: Boomerang         |       |       |     2 ||     2
       Javelin           |       |       |     9 ||     9
Invok: Animate Remains   |       |       |     8 ||     8
Evoke: Wand              |       |       |     3 ||     3
  Use: Scroll            |       |       |    13 ||    13
       Potion            |       |       |    10 ||    10
 Stab: Sleeping          |     2 |       |       ||     2
Armor: Leather armour    |    24 |    25 |       ||    49
       Chain mail        |       |       |   120 ||   120
       Plate armour      |       |       |    76 ||    76
Dodge: Dodged            |    85 |   100 |   129 ||   314

Table legend: (Time is in decaauts)
 A = Elapsed time spent in this place.
 B = Non-inter-level travel time spent in this place.
 C = Inter-level travel time spent in this place.
 D = Time resting spent in this place.
 E = Time spent auto-exploring this place.
 F = Levels seen in this place.
 G = Mean time per level.
                   A        B        C        D        E       F      G
               +--------+--------+--------+--------+--------+-----+--------+
         Total |   7131 |   6868 |    263 |   1793 |   3430 |   7 | 1018.7 |
       Dungeon |   7131 |   6868 |    263 |   1793 |   3430 |   7 | 1018.7 |
               +--------+--------+--------+--------+--------+-----+--------+

Top non-repeatable levels by time:
     D:5: 1357 daAuts
     D:7: 1205 daAuts
     D:2: 1126 daAuts
     D:6: 882 daAuts
     D:4: 868 daAuts
     D:3: 849 daAuts
     D:1: 841 daAuts
